 Dungeon Crawl Stone Soup version 0.20.0-10-g0535bb4 (webtiles) character file.

32331 MTVSty1e the Severer (level 13, -2/123 HPs)
             Began as a Grey Draconian Gladiator on June 6, 2017.
             Was the Champion of Cheibriados.
             Slain by a minotaur (7 damage)
             ... in a labyrinth.
             The game lasted 00:38:33 (20099 turns).

MTVSty1e the Severer (Grey Draconian Gladiator)    Turns: 20099, Time: 00:38:33

Health: -2/123     AC: 15    Str: 36 (42) XL:     13   Next: 30%
Magic:  18/18      EV: 25    Int: 19 (24) God:    Cheibriados [******]
Gold:   1280       SH:  0    Dex: 27 (32) Spells: 7/12 levels left

rFire    + . .     SeeInvis .   n - +1 war axe (flame)
rCold    + + .     Gourm    .   (no shield)
rNeg     . . .     Faith    .   (armour unavailable)
rPois    .         Spirit   .   b - +0 hat
rElec    .         Reflect  .   I - scarf {rC+ rF+}
rCorr    .         Harm     .   k - +0 pair of gloves
MR       +....     Clarity  +   r - +0 pair of boots
Stlth    +++.......             (no amulet)
Regen    0.3/turn               z - ring of protection from cold
MPRegen  0.2/turn               l - ring of protection from magic

@: mighty, agile, very slow
A: walk through water, unfitting armour, clarity, deterioration 2, robust 1,
screaming 1, unbreathing, cold-blooded, AC +13
a: Bend Time, Temporal Distortion, Slouch, Step From Time, Renounce Religion


You were in a labyrinth.
You worshipped Cheibriados.
Cheibriados was exalted by your worship.
You were not hungry.

You visited 3 branches of the dungeon, and saw 15 of its levels.
You also visited: Labyrinth, Ossuary, Ice Cave and Volcano.

You collected 1280 gold pieces.

Inventory:

Hand Weapons
 a - a +1 war axe
 n - a +1 war axe of flaming (weapon)
 K - the cursed +2 rapier of Dim Light {flame, rF+ Str+2, unknown}
   (You took it off an orc on level 9 of the Dungeon)

   It has been specially enchanted to burn those struck by it, causing extra
   injury to most foes and up to half again as much damage against particularly
   susceptible opponents.
   It affects your strength (+2).
   It protects you from fire.
   It has a curse placed upon it.
 R - a +1 battleaxe of freezing
Missiles
 c - 3 throwing nets (quivered)
Armour
 b - a +0 hat (worn)
 k - a +0 pair of gloves (worn)
 r - a +0 pair of boots (worn)
 t - a +0 crystal plate armour
 E - a +0 shield of cold resistance
 I - a scarf of resistance (worn)
Jewellery
 h - a +3 ring of intelligence
 l - a ring of protection from magic (right hand)
 q - an uncursed ring of protection from magic
 z - a ring of protection from cold (left hand)
 D - a +3 ring of strength
Wands
 s - a wand of polymorph (19/24)
 A - a wand of polymorph (13/24)
 C - a wand of acid (10/15)
 F - a wand of lightning (4/15)
 H - a wand of lightning (10/15)
 T - a wand of iceblast (2/15)
 V - a wand of flame (30/48)
Scrolls
 d - 8 scrolls of remove curse
 e - 4 scrolls of recharging
 f - 2 scrolls of enchant armour
 o - 7 scrolls of teleportation
 p - 6 scrolls of amnesia
 x - 3 scrolls of fog
 y - 3 scrolls of fear
 J - 2 scrolls of blinking
 M - a scroll of identify
 N - a scroll of enchant weapon
Potions
 g - 8 potions of curing
 m - 7 potions of flight
 u - 3 potions of lignification
 w - a potion of invisibility
Comestibles
 i - 6 meat rations
 j - 11 fruits
 B - 2 royal jellies
 G - 7 bread rations


   Skills:
 + Level 9.6 Fighting
 * Level 16.0 Axes
 - Level 1.7 Throwing
 + Level 8.0 Dodging
 + Level 7.5 Shields
 + Level 2.9 Earth Magic
 + Level 7.9 Invocations


You had 7 spell levels left.
You knew the following spells:

 Your Spells              Type           Power        Failure   Level  Hunger
a - Lee's Rapid Deconstr  Erth           ##........   86%         5    ######.


Dungeon Overview and Level Annotations

Branches:
Dungeon (9/15)             Temple (1/1) D:6            Lair (5/6) D:9
  Swamp (0/4) Lair:3       Spider (0/4) Lair:4        Slime (0/5) Lair:5
    Orc: D:9-12

Altars:
Ashenzari
Cheibriados
Dithmenos
Elyvilon
Fedhas
Gozag
Hepliaklqana
Kikubaaqudgha
Makhleb
Nemelex Xobeh
Okawaru
Qazlal
Ru
Sif Muna
Trog
Uskayaw
Vehumet
Xom
Yredelemnul
Zin
The Shining One

Shops:
D:9 [

Annotations:
Lair:2 Nergalle
Lair:4 exclusion: oklob plant


Innate Abilities, Weirdness & Mutations

You can walk through water.
Your dull iron-grey scales are very hard. (AC +13)
You cannot fit into any form of body armour.
You can survive without breathing.
You are cold-blooded and may be slowed by cold attacks.
You possess an exceptional clarity of mind.
Your body often deteriorates upon taking damage.
You are robust. (+10% HP)
You occasionally shout uncontrollably at your foes.


Message History

The minotaur hits you!!
Your body deteriorates!
You feel dopey.
The minotaur gores you but does no damage.
Unknown command.
You barely miss the minotaur.
Your tail-slap misses the minotaur.
The minotaur is lightly wounded.
The minotaur hits you!
* * * LOW HITPOINT WARNING * * *
Your body deteriorates!
You feel weakened. The minotaur gores you!
* * * LOW HITPOINT WARNING * * *
You feel agile all of a sudden. The minotaur hits you.
* * * LOW HITPOINT WARNING * * *
The minotaur gores you!
* * * LOW HITPOINT WARNING * * *
You slash the minotaur! You burn the minotaur. You tail-slap the minotaur.
The minotaur is moderately wounded.
The minotaur closely misses you. The minotaur gores you!
You die...

#. .# ### #.# #
..#.# # .## #.#
# .... . .# #.
##### ### .#
...# #
###.#########.#
#.....@H...<# #
#####.#.###.# #
#.#... #######


You could see a minotaur.

Vanquished Creatures
  A frost giant (IceCv)
  Nessos (Lair:4)
  2 hydras
  4 death yaks
  Pikel (D:5)
  A toenail golem (Volcano)
  An ice statue (IceCv)
  4 molten gargoyles (Volcano)
  3 black mambas
  4 gargoyles (Lab)
  A torpor snail (Lair:3)
  3 spiny frogs
  The ghost of DogShitOnMyToe the Carver, a novice FoCK of Xom (D:5)
  4 komodo dragons
  3 rime drakes
  3 efreet (Volcano)
  4 jumping spiders (Lair:4)
  A troll (D:9)
  12 polar bears (IceCv)
  Prince Ribbit (Lair:2)
  3 hippogriffs
  2 dream sheep (Lair:3)
  3 blink frogs (Lair:2)
  4 slime creatures
  A spriggan (D:8)
  A redback (Lair:4)
  2 wraiths (Ossuary)
  13 yaks
  A hungry ghost (D:9)
  2 basilisks
  3 fire elementals (Volcano)
  9 water moccasins
  6 swamp worms (Lair:3)
  8 porcupines
  5 orc warriors
  2 slaves (D:5)
  2 sky beasts
  2 phantoms
  A centaur (D:7)
  21 wolves
  2 ogres
  7 crocodiles
  2 big kobolds (D:8)
  A gnoll sergeant (D:7)
  An earth elemental (Volcano)
  10 bullfrogs
  A scorpion (D:4)
  2 electric eels
  2 wights (Ossuary)
  2 howler monkeys
  4 crimson imps
  2 bullfrog zombies
  A centaur zombie (D:7)
  5 hounds
  7 jellies
  4 orc priests (D:8)
  10 orc wizards
  2 bullfrog skeletons
  2 iguanas
  Terence (D:2)
  Natasha (thrice) (D:2)
  7 worker ants
  2 hound zombies
  A mummy (D:4)
  A hound skeleton (D:6)
  Robin (D:3)
  11 gnolls
  A howler monkey skeleton (D:9)
  12 adders
  2 shadow imps
  27 oozes
  2 adder zombies (Ossuary)
  3 worms
  5 dart slugs
  5 leopard geckos
  40 orcs
  5 bats
  10 giant cockroaches
  17 goblins
  8 hobgoblins
  14 jackals
  7 kobolds
  4 ball pythons
  A ball python skeleton (Ossuary)
  3 frilled lizards
  A goblin zombie (D:4)
  2 hobgoblin zombies
  A jackal skeleton (D:4)
  A leopard gecko skeleton (D:4)
  2 leopard gecko zombies
  3 orc skeletons (Ossuary)
  3 orc zombies (Ossuary)
  A quokka zombie (D:7)
  5 rats
  3 fire vortices (Volcano)
  3 fungi
431 creatures vanquished.

Vanquished Creatures (others)
  7 fungi
  A plant (Lair:4)
  10 toadstools
18 creatures vanquished.

Grand Total: 449 creatures vanquished

Notes
Turn   | Place    | Note
-------+----------+-------------------------------------------
     0 | D:1      | MTVSty1e the Draconian Gladiator began the quest for the Orb.
     0 | D:1      | Reached XP level 1. HP: 17/17 MP: 1/1
    69 | D:1      | Reached XP level 2. HP: 16/24 MP: 2/2
   370 | D:1      | Reached skill level 4 in Axes
   920 | D:1      | Reached XP level 3. HP: 27/29 MP: 3/3
  1205 | D:2      | Noticed Terence
  1208 | D:2      | Killed Terence
  1249 | D:2      | Reached XP level 4. HP: 36/36 MP: 4/4
  1258 | D:2      | Reached skill level 5 in Axes
  1294 | D:2      | Noticed Natasha
  1313 | D:2      | Killed Natasha
  1373 | D:2      | Noticed Natasha
  1386 | D:2      | Killed Natasha
  1579 | D:2      | Noticed Natasha
  1585 | D:2      | Killed Natasha
  1585 | D:2      | Reached XP level 5. HP: 28/41 MP: 5/5
  1725 | D:2      | Reached skill level 6 in Axes
  2878 | D:3      | Noticed Robin
  2899 | D:3      | Killed Robin
  2914 | D:3      | Reached XP level 6. HP: 29/48 MP: 6/6
  3481 | D:3      | Reached skill level 7 in Axes
  4061 | D:4      | Found a sand-covered staircase.
  4068 | Ossuary  | Entered an ossuary
  4199 | Ossuary  | Noticed a flying skull
  4199 | Ossuary  | Noticed a wraith
  4208 | Ossuary  | Noticed a flying skull
  4209 | Ossuary  | Noticed a flying skull
  4234 | Ossuary  | Noticed a flying skull
  4234 | Ossuary  | Noticed a flying skull
  4241 | Ossuary  | Noticed a wraith
  4249 | Ossuary  | Killed a wraith
  4249 | Ossuary  | Reached skill level 8 in Axes
  4249 | Ossuary  | Your scales start taking on a dull iron-grey colour.
  4249 | Ossuary  | Reached XP level 7. HP: 37/55 MP: 7/7
  4249 | Ossuary  | Gained mutation: You can survive without breathing. [Grey Draconian growth]
  4441 | Ossuary  | Noticed a wraith
  4451 | Ossuary  | Killed a wraith
  4451 | Ossuary  | Reached skill level 9 in Axes
  4999 | D:4      | Reached XP level 8. HP: 51/61 MP: 8/8
  5699 | D:5      | Entered Level 5 of the Dungeon
  5723 | D:5      | Reached skill level 10 in Axes
  5916 | D:5      | Noticed Pikel
  5927 | D:5      | Killed Pikel
  5927 | D:5      | Reached skill level 11 in Axes
  5986 | D:5      | Found a deep blue altar of Sif Muna.
  5989 | D:5      | Found a blossoming altar of Fedhas.
  5992 | D:5      | Found a bloodstained altar of Trog.
  6012 | D:5      | Found a hazy altar of Hepliaklqana.
  6032 | D:5      | Found a bloodstained altar of Trog.
  6036 | D:5      | Noticed DogShitOnMyToe's ghost (novice FoCK)
  6047 | D:5      | Killed DogShitOnMyToe's ghost
  6047 | D:5      | Reached XP level 9. HP: 64/67 MP: 9/9
  6094 | D:5      | Reached skill level 12 in Axes
  6424 | D:5      | Found an iron altar of Okawaru.
  6428 | D:5      | Found a white marble altar of Elyvilon.
  6587 | D:6      | You fall through a shaft for 3 floors!
  6747 | D:6      | Found a staircase to the Ecumenical Temple.
  6758 | Temple   | Entered the Ecumenical Temple
  6867 | Temple   | Became a worshipper of Cheibriados the Contemplative
  6922 | D:6      | Gained mutation: You evolve. [mutagenic meat]
  6923 | D:6      | Gained mutation: You do not regenerate when monsters are visible. [mutagenic meat]
  6924 | D:6      | Gained mutation: Scrolls take you a little longer to read. [mutagenic meat]
  6925 | D:6      | Gained mutation: Your mind is acute. (Int +2) [mutagenic meat]
  6926 | D:6      | Lost mutation: Your mind is acute. (Int +2) [mutagenic meat]
  6927 | D:6      | Gained mutation: Your body sometimes deteriorates upon taking damage. [mutagenic meat]
  7442 | D:6      | Reached * piety under Cheibriados
  8372 | D:7      | Reached skill level 1 in Invocations
  9263 | D:8      | Reached ** piety under Cheibriados
  9274 | D:8      | Found a basalt altar of Yredelemnul.
  9288 | D:8      | Found an opulent altar of Gozag.
  9395 | D:8      | Gained mutation: You occasionally shout uncontrollably at your foes. [evolution]
  9463 | D:8      | Reached skill level 1 in Shields
  9518 | D:8      | Reached skill level 5 in Fighting
  9522 | D:8      | Reached XP level 10. HP: 81/81 MP: 11/11
  9545 | D:8      | Reached skill level 13 in Axes
  9635 | D:8      | Reached *** piety under Cheibriados
 10405 | D:9      | Reached skill level 5 in Dodging
 10431 | D:9      | Lost mutation: Scrolls take you a little longer to read. [potion of mutation]
 10431 | D:9      | Lost mutation: You do not regenerate when monsters are visible. [potion of mutation]
 10431 | D:9      | Gained mutation: Your body often deteriorates upon taking damage. [potion of mutation]
 10431 | D:9      | Gained mutation: You are robust. (+10% HP) [potion of mutation]
 10553 | D:9      | Found Cyazomo's Armour Emporium.
 10671 | D:9      | Got a warped rapier {flame}
 11076 | D:9      | Found a hide-covered altar of Uskayaw.
 11134 | D:9      | Found a staircase to the Lair.
 11150 | Lair:1   | Entered Level 1 of the Lair of Beasts
 11240 | Lair:1   | Gained mutation: You possess an exceptional clarity of mind. [evolution]
 11240 | Lair:1   | Lost mutation: You evolve. [end of evolution]
 11276 | Lair:1   | Reached **** piety under Cheibriados
 11985 | Lair:1   | Noticed a spiny frog
 11990 | Lair:1   | Killed a spiny frog
 12110 | Lair:2   | Reached XP level 11. HP: 77/100 MP: 14/14
 12590 | Lair:2   | Noticed Nergalle
 12865 | Lair:2   | Noticed a six-headed hydra
 12873 | Lair:2   | Killed a two-headed hydra
 12873 | Lair:2   | Reached skill level 14 in Axes
 12957 | Lair:2   | Noticed Prince Ribbit
 12965 | Lair:2   | Killed Prince Ribbit
 12970 | Lair:2   | Reached ***** piety under Cheibriados
 12970 | Lair:2   | Reached skill level 5 in Invocations
 13350 | Lair:3   | Found a frozen archway.
 13370 | IceCv    | Entered an ice cave
 13580 | IceCv    | Reached skill level 5 in Shields
 13927 | IceCv    | Noticed a frost giant
 13940 | IceCv    | Killed a frost giant
 14272 | IceCv    | Reached XP level 12. HP: 90/111 MP: 16/16
 15215 | Lair:3   | Reached skill level 15 in Axes
 15295 | Lair:3   | Found a staircase to the Swamp.
 15504 | Lair:3   | Reached ****** piety under Cheibriados
 16301 | Lair:3   | Noticed a four-headed hydra
 16305 | Lair:3   | Killed a two-headed hydra
 16506 | Lair:4   | Found a dark tunnel.
 16516 | Volcano  | Entered a volcano
 17523 | Lair:4   | Noticed a death yak
 17524 | Lair:4   | Noticed a death yak
 17524 | Lair:4   | Noticed a death yak
 17525 | Lair:4   | Noticed a death yak
 17533 | Lair:4   | Killed a death yak
 17864 | Lair:3   | Learned a level 5 spell: Lee's Rapid Deconstruction
 17916 | Lair:4   | Killed a death yak
 17924 | Lair:3   | Killed a death yak
 17924 | Lair:3   | Reached XP level 13. HP: 59/122 MP: 18/18
 17932 | Lair:3   | Reached skill level 1 in Earth Magic
 18263 | Lair:4   | Identified a scroll of acquirement
 18296 | Lair:4   | Noticed Nessos
 18316 | Lair:4   | Killed Nessos
 19084 | Lair:4   | Found a hole to the Spider Nest.
 19214 | Lair:5   | Reached skill level 16 in Axes
 19234 | Lair:5   | Found a labyrinth entrance.
 19243 | Lab      | Entered a labyrinth
 20088 | Lab      | Noticed a minotaur
 20098 | Lab      | HP: 5/123 [minotaur (13)]
 20099 | Lab      | Slain by a minotaur

Skill      XL: |  1  2  3  4  5  6  7  8  9 10 11 12 13 |
---------------+----------------------------------------+-----
Axes           | 4 5 6 8 9 11 12 13 14 15 16 | 16.0
Dodging        | 4 5 6 7 8 |  8.0
Fighting       | 5 6 8 9 |  9.6
Invocations    | 1 4 6 7 |  7.9
Shields        | 1 3 5 7 |  7.5
Earth Magic    | 2 |  2.9
Throwing       | |  1.7

Action                   |  1- 3 |  4- 6 |  7- 9 | 10-12 | 13-15 || total
-------------------------+-------+-------+-------+-------+-------++-------
Melee: War axe           |    65 |   238 |   374 |   567 |    93 ||  1337
       Tailslap          |     8 |    30 |    61 |   141 |    24 ||   264
  Use: Potion            |       |     3 |     1 |     8 |     2 ||    14
       Scroll            |       |    14 |     8 |     6 |     2 ||    30
 Stab: Distracted        |       |     1 |       |     1 |       ||     2
       Sleeping          |       |     1 |     4 |     1 |     1 ||     7
  Eat: Bread ration      |     1 |     1 |     2 |     2 |     1 ||     7
       Chunk             |       |     3 |     7 |     2 |       ||    12
       Meat ration       |       |       |     1 |       |       ||     1
       Fruit             |       |       |     1 |     4 |       ||     5
Armor: Skin              |    21 |    81 |   134 |   143 |    27 ||   406
Dodge: Dodged            |    41 |   148 |   176 |   295 |    58 ||   718
Block: Buckler           |       |    27 |    25 |       |       ||    52
       Shield            |       |       |    43 |   314 |    61 ||   418
